AoeStats
← ghartwig

Black Forest

508964007Analyzed
2v2 RM · 9d ago on Sep 24, 2026· 49m 15s· 4 players
Game mode
Random Map
Map size
Medium (4 player)
Population
200
Speed
Normal
Resources
Standard
Victory
Conquest
Starting age
Dark Age
Ending age
Imperial Age
RankedLock teamsTeams togetherTeam positionsShared explorationLock speedFull tech treeHidden civsTurbo modeCheats
Victory
Defeat
🇨🇱 Vietnamese · Chile
846
+31
🇺🇸 Sicilians · United States
826
+17
🇨🇱 Hindustanis · Chile
858
-17
🇨🇱 Byzantines · Chile
858
-17
fabo.ooo.o
11:32 Feudal Age
13:16 Horse Collar
14:52 Double-Bit Axe
19:53 Castle Age
18:52 Stone Mining
18:53 Gold Mining
28:43 Bow Saw
28:52 Heavy Plow
31:40 Wheelbarrow
30:54 Loom
35:14 Imperial Age
34:09 Stone Shaft Mining
34:52 Hand Cart
35:00 Town Watch
35:14 Town Watch
37:21 Chemistry
36:41 Ballistics
36:26 Padded Archer Armor
36:16 Fletching
36:54 Paper Money
36:54 Town Patrol
38:27 Two-Man Saw
38:02 Crop Rotation
37:27 Elite Rattan Archer
39:41 Leather Archer Armor
39:21 Bodkin Arrow
39:36 Scale Barding Armor
39:42 Forging
43:56 Thumb Ring
44:20 Elite Battle Elephant
45:01 Husbandry
45:11 Bloodlines
48:06 Ring Archer Armor
47:36 Bracer
48:12 Iron Casting
47:57 Chain Barding Armor
Shinyo
0:28 Loom
14:07 Feudal Age
17:59 Castle Age
21:33 Gold Mining
22:03 Horse Collar
22:22 Double-Bit Axe
24:13 Bow Saw
23:55 Stone Mining
27:54 Gold Shaft Mining
27:55 Stone Shaft Mining
27:27 Heavy Plow
30:47 Wheelbarrow
36:23 Imperial Age
34:12 Hand Cart
33:43 Town Watch
35:57 First Crusade
35:56 Forging
35:47 Scale Mail Armor
35:51 Squires
35:36 Arson
36:50 Chain Mail Armor
36:29 Fletching
37:28 Conscription
37:51 Ballistics
37:17 Arrowslits
37:38 Siege Engineers
38:04 Elite Serjeant
38:55 Murder Holes
39:13 Masonry
39:40 Iron Casting
39:37 Plate Mail Armor
39:04 Bodkin Arrow
39:57 Bracer
42:55 Blast Furnace
43:40 Hoardings
ghartwig
12:09 Feudal Age
13:00 Double-Bit Axe
17:39 Castle Age
15:29 Horse Collar
17:03 Stone Mining
21:38 Gold Mining
23:26 Bow Saw
26:01 Wheelbarrow
29:54 Husbandry
29:20 Pikeman
30:00 Squires
30:35 Ballistics
31:41 Scale Mail Armor
32:40 Heavy Plow
36:48 Imperial Age
37:46 Hand Cart
38:35 Conscription
38:34 Logistica
38:44 Forging
41:58 Scale Barding Armor
41:45 Fletching
41:57 Padded Archer Armor
42:12 Chain Mail Armor
42:33 Iron Casting
42:31 Onager
43:11 Cavalier
44:35 Gold Shaft Mining
45:58 Chemistry
44:40 Treadmill Crane
44:56 Murder Holes
48:06 Bombard Tower
andronico
0:56 Loom
11:17 Feudal Age
12:01 Double-Bit Axe
14:38 Wheelbarrow
20:30 Castle Age
18:45 Horse Collar
18:58 Stone Mining
19:04 Gold Mining
22:34 Hand Cart
23:18 Bow Saw
26:17 Fletching
32:40 Imperial Age
30:34 Town Watch
30:49 Bodkin Arrow
31:09 Forging
31:45 Town Patrol
33:04 Iron Casting
32:26 Bodkin Arrow
32:31 Scale Mail Armor
34:28 Chemistry
33:41 Fortified Wall
33:27 Murder Holes
33:55 Ballistics
35:10 Grand Trunk Road
35:15 Shatagni
35:39 Heavy Plow
35:48 Heavy Plow
37:16 Husbandry
36:38 Pikeman
37:18 Squires
38:41 Conscription
38:39 Bloodlines
37:50 Light Cavalry
38:18 Arson
38:36 Bracer
41:01 Gold Shaft Mining
40:23 Hussar
40:24 Heavy Camel Rider
41:12 Scale Barding Armor
42:07 Blast Furnace
42:22 Imperial Camel Rider
47:13 Chain Barding Armor
Connection lost

Rejoining the realm…

Still unreachable

The connection could not be restored.

Session expired

The server has moved on; the page needs a fresh start.